 Dungeon Crawl Stone Soup version 0.28.0-45-g0d030f2227 (webtiles) character file.

Game seed: 16445863609947854060

696 Kaptain the Digger (level 7, -1/42 HPs)
             Began as a Gargoyle Earth Elementalist on Apr 14, 2022.
             Slain by a hornet (14 damage)
             ... on level 5 of the Dungeon.
             The game lasted 00:11:25 (5714 turns).

Kaptain the Digger (Gargoyle Earth Elementalist)    Turns: 5714, Time: 00:11:26

Health: -1/42      AC:  8    Str: 18    XL:     7   Next: 64%
Magic:  0/12       EV: 11    Int: 17    God:
Gold:   120        SH:  4    Dex: 10    Spells: 9/13 levels left

rFire   + . .      SeeInvis .   g - +3 mace (protect)
rCold   + . .      Faith    .   b - +1 buckler
rNeg    + . .      Spirit   .   n - +0 leather armour
rPois   ∞          Reflect  .   (no helmet)
rElec   +          Harm     .   j - scarf {rC+ rF+}
rCorr   .          Rampage  .   (no gloves)
Will    .....                   (no boots)
Stlth   ++........              (no amulet)
HPRegen 0.14/turn               m - +6 ring of strength
MPRegen 0.13/turn               e - ring of wizardry

@: brilliant
A: sickness immunity, AC +4, negative energy resistance 1, electricity
resistance, torment resistance 1, petrification resistance
a: no special abilities


You were on level 5 of the Dungeon.
You visited 2 branches of the dungeon, and saw 6 of its levels.
You also visited: Sewer.

You collected 120 gold pieces.

Inventory:

Hand Weapons
 f - a +3 mace
 g - a +3 mace of protection (weapon)
 k - a +0 flail
 A - a +0 scimitar
Missiles
 a - 2 boomerangs
Armour
 b - a +1 buckler (worn)
 j - a scarf of resistance (worn)
 n - a +0 leather armour (worn)
Magical Staves
 r - a staff of conjuration
Jewellery
 e - a ring of wizardry (right hand)
 m - a +6 ring of strength (left hand)
Wands
 t - a wand of flame (16)
Scrolls
 o - 2 scrolls of summoning
Potions
 d - a potion of heal wounds
 p - 2 potions of curing
 u - 4 potions of resistance
 v - a potion of magic {unknown}
 x - a potion of mutation {unknown}
 z - a potion of haste {unknown}


   Skills:
 * Level 3.8 Fighting
 + Level 2.3 Armour
 - Level 2.1 Dodging
 - Level 2.1 Stealth
 + Level 1.3 Shields
 * Level 3.7 Spellcasting
 * Level 3.8 Conjurations
 - Level 0.7 Transmutations
 * Level 5.6 Earth Magic


You had 9 spell levels left.
You knew the following spells:

 Your Spells              Type           Power      Damage    Failure   Level
a - Sandblast             Erth           66%        2d15      1%          1
b - Stone Arrow           Conj/Erth      58%        3d10      4%          3

Your spell library contained the following spells:

 Spells                   Type           Power      Damage    Failure   Level
 Passwall                 Tmut/Erth      17%        N/A       4%          2
 Petrify                  Tmut/Erth      21%        N/A       26%         4
 Portal Projectile        Hex/Tloc       8%         N/A       30%         3
 Olgreb's Toxic Radiance  Pois           4%         N/A       67%         4
 Blade Hands              Tmut           4%         N/A       89%         5
 Excruciating Wounds      Necr           2%         N/A       94%         5
 Ozocubu's Refrigeration  Ice            2%         4d5       100%        7
 Ignition                 Fire           2%         3d3       100%        8


Dungeon Overview and Level Annotations

Branches:
Dungeon (5/15)             Temple (1/1) D:4           Sewer (visited)

Altars:
Ashenzari
Cheibriados
Dithmenos
Elyvilon
Fedhas
Gozag
Hepliaklqana
Makhleb
Nemelex Xobeh
Okawaru
Qazlal
Ru
Sif Muna
Trog
Uskayaw
Vehumet
Wu Jian
Xom
Yredelemnul
Zin
The Shining One

Shops:
D:4 !

Annotations:
D:5 Ijyb, Prince Ribbit


Innate Abilities, Weirdness & Mutations

You are immune to sickness and miasma.
Your stone body is resilient. (AC +4)
You are immune to poison.
You resist negative energy. (rN+)
You are resistant to electric shocks. (rElec)
You are resistant to unholy torment.
You are immune to petrification.


Message History

You block the hornet's attack.
You feel better. You block the hornet's attack.
Unknown command.
Casting: Sandblast (safe; 1% risk of failure)
Confirm with . or Enter, or press ? or * to list all spells.
Aiming: Sandblast (safe; 1% risk of failure)
Press: ? - help, Shift-Dir - straight line, f - hornet
Aim: a hornet (73% to hit)
You feel a surge of power!
The blast of sand misses the hornet.
The blast of sand misses the iguana.
The hornet stings you. The hornet stings you!
Unknown command.
Casting: Sandblast (safe; 1% risk of failure)
Confirm with . or Enter, or press ? or * to list all spells.
Aiming: Sandblast (safe; 1% risk of failure)
Press: ? - help, Shift-Dir - straight line, f/p - hornet
Aim: a hornet (73% to hit)
You feel a surge of power!
The blast of sand hits the hornet.
The hornet is lightly wounded.
The hornet stings you!
Unknown command.
Casting: Sandblast (safe; 1% risk of failure)
Confirm with . or Enter, or press ? or * to list all spells.
Aiming: Sandblast (safe; 1% risk of failure)
Press: ? - help, Shift-Dir - straight line, f/p - hornet
Aim: a hornet (lightly wounded, 73% to hit)
You feel a surge of power!
The blast of sand hits the hornet!
The hornet is moderately wounded.
The hornet stings you.
Prince Ribbit blinks!
The hornet stings you.
Unknown command.
Casting: Sandblast (safe; 1% risk of failure)
Confirm with . or Enter, or press ? or * to list all spells.
Aiming: Sandblast (safe; 1% risk of failure)
Press: ? - help, Shift-Dir - straight line, f/p - hornet
Aim: a hornet (moderately wounded, 73% to hit)
You feel a surge of power!
The blast of sand hits the hornet but does no damage.
The hornet is moderately wounded.
You now have no stones remaining.
The hornet stings you!
You die...

# .#### .... ....
##### #
...#########.oW###.#
...Fo†.....F.oly@..#
...#########.oW###.#
...............# #
§..$......##...#
...#########...#
...### #...# >....##
##### ......##
.......#


You could see Prince Ribbit, a hornet, 2 phantoms, an iguana and 3 orcs.

Vanquished Creatures
  A black bear (D:5)
  A necrophage (D:5)
  An ogre (D:5)
  A kobold brigand (Sewer)
  A hound (D:5)
  A jelly (D:4)
  An orc priest (D:4)
  A scorpion zombie (D:4)
  An iguana (D:5)
  3 adders (D:3)
  4 gnolls
  4 river rats (D:3)
  An adder skeleton (D:4)
  2 worms
  3 dart slugs
  6 orcs
  11 endoplasms
  4 giant cockroaches
  7 goblins
  6 hobgoblins
  10 jackals
  3 quokkas
  10 ball pythons
  6 bats
  11 frilled lizards
  16 kobolds
  11 rats
127 creatures vanquished.

Notes
Turn   | Place    | Note
-------+----------+-------------------------------------------
     0 | D:1      | Kaptain the Gargoyle Earth Elementalist began the quest for
                  | the Orb.
     0 | D:1      | Reached XP level 1. HP: 10/10 MP: 3/3
   225 | D:1      | Reached XP level 2. HP: 16/16 MP: 3/5
   406 | D:1      | Reached skill level 1 in Conjurations
   567 | D:1      | Reached XP level 3. HP: 20/20 MP: 6/6
   571 | D:1      | Learned a level 3 spell: Stone Arrow
   639 | D:1      | Reached skill level 1 in Fighting
   639 | D:1      | Reached skill level 4 in Earth Magic
  1802 | D:3      | Reached XP level 4. HP: 17/25 MP: 2/7
  2097 | D:3      | Reached skill level 1 in Armour
  2152 | D:3      | Reached XP level 5. HP: 27/30 MP: 2/8
  2245 | D:3      | Found a glowing drain.
  2255 | Sewer    | Entered a sewer
  2557 | Sewer    | Noticed a kobold brigand
  2593 | Sewer    | Killed a kobold brigand
  2594 | Sewer    | Reached XP level 6. HP: 7/36 MP: 2/10
  4310 | D:4      | Reached skill level 5 in Earth Magic
  4603 | D:4      | Found a staircase to the Ecumenical Temple.
  4882 | Temple   | Entered the Ecumenical Temple
  5376 | D:4      | Found Iriut's Distillery.
  5544 | D:5      | Entered Level 5 of the Dungeon
  5549 | D:5      | Reached XP level 7. HP: 41/41 MP: 1/12
  5641 | D:5      | Noticed a hornet
  5642 | D:5      | Noticed Prince Ribbit
  5646 | D:5      | Noticed Ijyb
  5680 | D:5      | Reached skill level 1 in Shields
  5685 | D:5      | Identified the +2 mace "Cytyg" {freeze, rElec Will+}
  5714 | D:5      | Slain by a hornet

Illustrated notes

Levels and vault maps discovered:
D:1:      dpeg_arrival_court, layout_rooms, minmay_close_crescents
D:2:      layout_loops_cross
D:3:      layout_loops_ring, lightli_sewer_entry_pipes
D:4:      layout_cave_pools, minmay_temple_entry_hall, serial_column_ruins,
          column_ruins_grid_5, column_ruins_hut_pillars,
          column_ruins_columns_dead_end, column_ruins_grid_4,
          column_ruins_grid_1, column_ruins_open_tiny, serial_shops,
          shop_fountains, nicolae_elevator_lobby_plus
D:5:      layout_rooms, chequers_avenue, minmay_bent, uniq_prince_ribbit1,
          uniq_ijyb
Temple:   minmay_crystal_snake_temple

Skill      XL: |  1  2  3  4  5  6  7 |
---------------+----------------------+-----
Conjurations   | 1 2 3 |  3.8
Fighting       | 1 2 3 |  3.8
Earth Magic    | 4 5 |  5.6
Armour         | 1 2 |  2.3
Dodging        | 2 |  2.1
Spellcasting   | 3 |  3.7
Shields        | 1 |  1.3
Stealth        | |  2.1
Transmutations | |  0.7

Action                   |  1- 3 |  4- 6 |  7- 9 || total
-------------------------+-------+-------+-------++-------
Melee: Unarmed           |     1 |       |       ||     1
       Dagger            |    22 |       |       ||    22
       Flail             |    24 |   123 |       ||   147
       Mace              |       |     5 |    28 ||    33
       Scimitar          |       |     3 |       ||     3
 Cast: Sandblast         |    46 |    38 |     6 ||    90
       Stone Arrow       |       |    41 |     6 ||    47
  Use: Potion            |       |     3 |     4 ||     7
       Scroll            |       |    13 |     1 ||    14
 Stab: Sleeping          |     2 |     2 |       ||     4
Armor: Robe              |    26 |    55 |       ||    81
       Skin              |       |    24 |       ||    24
       Leather armour    |       |     2 |    33 ||    35
Dodge: Dodged            |    55 |   111 |    40 ||   206
Block: Buckler           |       |     1 |    10 ||    11
